Devils vs Flames
Created - November 29, 2019 at 21:25
Goals
|
| Devils |
0 |
1 |
1 |
2 |
| Flames |
2 |
1 |
2 |
5 |
|
Shots
|
| Devils |
8 |
8 |
14 |
30 |
| Flames |
13 |
6 |
18 |
37 |
|
1st period
1. Flames , Erik Johnson 3 (Alexander Semin 14, David Backes 12) at 7:53 (PP)
2. Flames , Eric Staal 11 (Alexander Semin 15, David Backes 13) at 15:11 (PP)
Penalties :
Johnny Gaudreau (NJD) for Hooking (Minor) at 2:51, Jaden Schwartz (NJD) for High sticking (Minor) at 7:46, Brandon Burlon (NJD) for Tripping (Minor) at 8:17, Nikita Kucherov (NJD) for Hooking (Minor) at 14:23, Ryan Johansen (NJD) for Elbowing (Minor) at 14:34, Jaden Schwartz (NJD) for Tripping (Minor) at 18:03, Rostislav Olesz (NJD) for Tripping (Minor) at 18:15
2nd period
3. Flames , Brad Marchand 7 (Derek Meech 5) at 2:03 (PP)
4. Devils , Viktor Arvidsson 12 (Jaden Schwartz 14, Pernell Karl Subban 4) at 10:57
Penalties :
Nikita Kucherov (NJD) for Slashing (Minor) at 1:31, Alexander Semin (Cal) for Interference (Minor) at 2:46, Pernell Karl Subban (NJD) for Hooking (Minor) at 7:38
3rd period
5. Devils , Johnny Gaudreau 8 (Ryan Johansen 8, Viktor Arvidsson 6) at 3:08 (PP)
6. Flames , Alexander Semin 5 (Patrik Berglund 10, Derek Meech 6) at 4:45
7. Flames , Mikhail Grabovski 2 (Kyle Palmieri 4, Colby Robak 1) at 19:29
Penalties :
Viktor Arvidsson (NJD) for Interference (Minor) at 0:15, Peter Prucha (Cal) for Elbowing (Minor) at 2:54
Goalie Stats
John Gibson (NJD), 32 saves from 37 shots - (0.865), L, 7-6-1, 60:00 minutes
Jonas Gustavsson (Cal), 28 saves from 30 shots - (0.933), W, 10-2-1, 60:00 minutes
Players Stats for Devils
Player Name G A P +/- PIM S H SB GA TA FO MP PP MP PK MP
------------------------------------------------------------------------------------
Anthony Stewart 0 0 0 0 0 1 0 0 1 0 0/3 9:55 0:02 2:46
Brandon Burlon 0 0 0 0 2 1 0 0 0 0 0/0 11:32 0:00 1:33
Cody Hodgson 0 0 0 1 0 3 2 1 1 1 18/32 15:47 0:02 0:00
Jaden Schwartz 0 1 1 1 4 5 0 1 0 0 3/4 20:15 0:56 4:00
Johnny Gaudreau 1 0 1 -1 2 2 1 0 0 0 0/0 14:22 1:15 0:52
Kellan Lain 0 0 0 -1 0 3 1 0 0 0 0/0 10:58 0:00 0:13
Ladislav Smid 0 0 0 -1 0 0 1 2 1 0 0/0 23:59 0:14 6:09
Marian Hossa 0 0 0 -1 0 3 2 0 0 0 0/0 10:45 0:00 0:00
Nikita Kucherov 0 0 0 -1 4 0 5 0 1 0 0/2 11:47 0:56 0:00
Pernell Karl Subban 0 1 1 0 2 2 0 0 0 1 0/0 23:36 0:51 5:57
Rostislav Olesz 0 0 0 0 2 1 0 0 0 1 1/1 12:53 0:02 6:00
Ryan Johansen 0 1 1 -1 2 0 2 0 0 1 4/20 18:02 1:15 5:15
Shea Weber 0 0 0 -1 0 0 2 1 1 0 0/0 22:25 1:22 2:34
Tobias Enstrom 0 0 0 0 0 1 3 2 0 0 0/0 21:55 0:51 4:56
Travis Hamonic 0 0 0 0 0 0 1 2 0 1 0/0 16:34 1:08 4:43
Tyler Bozak 0 0 0 0 0 2 1 0 0 0 1/4 9:41 0:00 3:11
Tyler Seguin 0 0 0 -1 0 2 0 0 0 1 0/1 13:13 0:56 1:09
Viktor Arvidsson 1 1 2 1 2 4 2 0 0 0 0/0 16:51 1:15 0:00
Players Stats for Flames
Player Name G A P +/- PIM S H SB GA TA FO MP PP MP PK MP
------------------------------------------------------------------------------------
Alexander Semin 1 2 3 1 2 9 4 1 0 0 2/2 21:30 7:51 0:00
Brad Marchand 1 0 1 -1 0 3 2 0 0 0 1/1 20:54 4:55 1:11
Colby Robak 0 1 1 1 0 1 1 1 0 0 0/0 11:21 0:00 0:00
Colin Wilson 0 0 0 0 0 2 0 0 0 0 3/5 11:16 0:10 0:55
David Backes 0 2 2 -1 0 5 1 0 0 0 2/3 23:52 7:51 0:44
David Ullstrom 0 0 0 1 0 0 1 0 0 0 0/0 6:51 0:00 0:00
Derek Meech 0 2 2 1 0 1 2 0 0 1 0/0 21:08 4:51 1:21
Eric Staal 1 0 1 -1 0 6 1 2 1 1 25/40 23:57 7:51 1:12
Erik Johnson 1 0 1 -1 0 3 0 1 3 0 0/0 27:32 8:05 0:52
Jordin Tootoo 0 0 0 1 0 1 1 0 1 0 0/0 13:15 0:10 0:00
Kyle Palmieri 0 1 1 1 0 1 1 0 0 1 0/0 12:02 4:55 0:00
Mikhail Grabovski 1 0 1 1 0 1 1 1 0 0 2/3 6:51 0:00 0:00
Patrik Berglund 0 1 1 1 0 0 3 0 1 1 5/13 17:50 4:55 0:00
Peter Prucha 0 0 0 0 2 2 0 0 0 0 0/0 9:59 0:00 0:00
Sami Vatanen 0 0 0 -1 0 1 1 1 0 1 0/0 26:10 8:05 0:00
Steve Eminger 0 0 0 1 0 0 2 0 0 0 0/0 15:23 0:00 1:21
Steve Regier 0 0 0 0 0 1 1 0 0 0 0/0 10:46 0:10 0:24
Tim Ramholt 0 0 0 1 0 0 0 1 0 0 0/0 17:08 4:51 0:52
3 Stars
1 - Alexander Semin (Cal)
2 - Derek Meech (Cal)
3 - Mikhail Grabovski (Cal)
Power Play
Devils - 1 on 2 Attempt(s) - 50.00%
Flames - 3 on 10 Attempt(s) - 30.00%
Penalty Kill
Devils - 7 on 10 Attempt(s) - 70.00%
- Score 0 goal in Penalty Kill
Flames - 1 on 2 Attempt(s) - 50.00%
- Score 0 goal in Penalty Kill
Team Stat
Devils - Hits : 23 - Faceoff Wins : 27 - Blocked Shots : 9 - Penalty Minutes : 20
Flames - Hits : 22 - Faceoff Wins : 40 - Blocked Shots : 8 - Penalty Minutes : 4
Official
Referees : Unknown
Linesman : Unknown
Game Notes
Travis Hamonic is injured at 0:04 of 3rd period (Left Eye)
Finance
Level 1 -- Attendance: 4619 (76.98%) -- Ticket Income $512,709
Level 2 -- Attendance: 3818 (76.36%) -- Ticket Income $274,896
Level 3 -- Attendance: 1448 (72.40%) -- Ticket Income $68,056
Level 4 -- Attendance: 3032 (75.80%) -- Ticket Income $97,024
Luxury Box -- Attendance: 908 (90.80%) -- Ticket Income $169,796
Game was played at the Metal Center.
Total Attendance: 13825 (76.81%)
Total Ticket Income: $1,122,481
Other Income: $168,372
Total Income: $1,290,853
Devils
5 vs 5 Forward
Center Left Wing Right Wing Time % Phy DF OF
1 Cody Hodgson Jaden Schwartz Viktor Arvidsson 40 1 2 2
2 Ryan Johansen Johnny Gaudreau Nikita Kucherov 30 1 2 2
3 Tyler Seguin Kellan Lain Marian Hossa 20 1 2 2
4 Tyler Bozak Rostislav Olesz Anthony Stewart 10 1 2 2
5 vs 5 Defense
Defense Defense Time % Phy DF OF
1 Travis Hamonic Shea Weber 40 1 2 2
2 Tobias Enstrom Pernell Karl Subban 30 1 2 2
3 Ladislav Smid Brandon Burlon 20 1 2 2
4 Ladislav Smid Pernell Karl Subban 10 1 2 2
PowerPlay Forward
Center Left Wing Right Wing Time % Phy DF OF
1 Ryan Johansen Johnny Gaudreau Viktor Arvidsson 60 1 2 2
2 Tyler Seguin Jaden Schwartz Nikita Kucherov 40 1 2 2
PowerPlay Defense
Defense Defense Time % Phy DF OF
1 Travis Hamonic Shea Weber 60 1 2 2
2 Tobias Enstrom Pernell Karl Subban 40 1 2 2
Penalty Kill 4 Players Forward
Center Wing Time % Phy DF OF
1 Ryan Johansen Rostislav Olesz 60 1 2 2
2 Tyler Bozak Jaden Schwartz 40 1 2 2
Penalty Kill 4 Players Defense
Defense Defense Time % Phy DF OF
1 Ladislav Smid Pernell Karl Subban 60 1 2 2
2 Tobias Enstrom Travis Hamonic 40 1 2 2
Penalty Kill - 3 Players Forward
Forward Time % Phy DF OF
1 Jaden Schwartz 60 1 2 2
2 Rostislav Olesz 40 1 2 2
Penalty Kill - 3 Players Defense
Defense Defense Time % Phy DF OF
1 Travis Hamonic Shea Weber 60 1 2 2
2 Tobias Enstrom Pernell Karl Subban 40 1 2 2
4 vs 4 Forward
Center Wing Time % Phy DF OF
1 Cody Hodgson Johnny Gaudreau 60 1 2 2
2 Ryan Johansen Jaden Schwartz 40 1 2 2
4 vs 4 Defense
Defense Defense Time % Phy DF OF
1 Tobias Enstrom Ladislav Smid 60 1 2 2
2 Travis Hamonic Shea Weber 40 1 2 2
Last Minutes Offensive
Center Left Wing Right Wing Defense Defense
Cody Hodgson Johnny Gaudreau Viktor Arvidsson Travis Hamonic Shea Weber
Last Minutes Defensive
Center Left Wing Right Wing Defense Defense
Ryan Johansen Jaden Schwartz Marian Hossa Travis Hamonic Shea Weber
Goaltenders
Starting : John Gibson
Backup : Keith Kinkaid
Extra Forwards
Normal : Cody Hodgson, Johnny Gaudreau, Anthony Stewart - PP : Rostislav Olesz, Cody Hodgson - PK : Anthony Stewart
Extra Defensemen
Normal : Ladislav Smid, Brandon Burlon, Tobias Enstrom - PP : Ladislav Smid - PK : Brandon Burlon, Tobias Enstrom
Penalty Shots
Johnny Gaudreau, Nikita Kucherov, Viktor Arvidsson, Ryan Johansen, Tyler Seguin
Scratches
None
Flames
5 vs 5 Forward
Center Left Wing Right Wing Time % Phy DF OF
1 Eric Staal Brad Marchand David Backes 40 2 2 1
2 Patrik Berglund Alexander Semin Jordin Tootoo 33 2 2 1
3 Colin Wilson Steve Regier Peter Prucha 19 2 2 1
4 Mikhail Grabovski David Ullstrom Kyle Palmieri 8 2 2 1
5 vs 5 Defense
Defense Defense Time % Phy DF OF
1 Erik Johnson Sami Vatanen 38 2 2 1
2 Derek Meech Steve Eminger 29 2 2 1
3 Colby Robak Tim Ramholt 23 2 2 1
4 Derek Meech Steve Eminger 10 2 2 1
PowerPlay Forward
Center Left Wing Right Wing Time % Phy DF OF
1 Eric Staal Alexander Semin David Backes 60 1 0 4
2 Patrik Berglund Brad Marchand Kyle Palmieri 40 1 0 4
PowerPlay Defense
Defense Defense Time % Phy DF OF
1 Erik Johnson Sami Vatanen 60 1 1 3
2 Derek Meech Tim Ramholt 40 1 1 3
Penalty Kill 4 Players Forward
Center Wing Time % Phy DF OF
1 Colin Wilson Alexander Semin 50 1 4 0
2 Eric Staal Brad Marchand 50 1 4 0
Penalty Kill 4 Players Defense
Defense Defense Time % Phy DF OF
1 Derek Meech Steve Eminger 58 1 4 0
2 Erik Johnson Tim Ramholt 42 1 4 0
Penalty Kill - 3 Players Forward
Forward Time % Phy DF OF
1 Eric Staal 50 1 4 0
2 Brad Marchand 50 1 4 0
Penalty Kill - 3 Players Defense
Defense Defense Time % Phy DF OF
1 Derek Meech Steve Eminger 58 1 4 0
2 Erik Johnson Tim Ramholt 42 1 4 0
4 vs 4 Forward
Center Wing Time % Phy DF OF
1 Eric Staal Alexander Semin 60 2 2 1
2 Patrik Berglund David Backes 40 2 2 1
4 vs 4 Defense
Defense Defense Time % Phy DF OF
1 Erik Johnson Sami Vatanen 60 2 2 1
2 Derek Meech Steve Eminger 40 2 2 1
Last Minutes Offensive
Center Left Wing Right Wing Defense Defense
Eric Staal Alexander Semin David Backes Erik Johnson Sami Vatanen
Last Minutes Defensive
Center Left Wing Right Wing Defense Defense
Eric Staal Alexander Semin David Backes Erik Johnson Steve Eminger
Goaltenders
Starting : Jonas Gustavsson
Backup : Pekka Rinne
Extra Forwards
Normal : Brad Marchand, Jordin Tootoo, Patrik Berglund - PP : Patrik Berglund, Colin Wilson - PK : David Backes
Extra Defensemen
Normal : Derek Meech, Steve Eminger, Tim Ramholt - PP : Derek Meech - PK : Erik Johnson, Tim Ramholt
Penalty Shots
Eric Staal, Alexander Semin, David Backes, Brad Marchand, Patrik Berglund
Scratches
Brendan Mikkelson (Bruised Left Arm Injury)
% Time on Ice - Devils
Lines # - Real PCT - Wanted PCT - Time Play
Normal Forward
1 - 37% - 40% - 16:43
2 - 24% - 30% - 10:55
3 - 24% - 20% - 10:45
4 - 14% - 10% - 6:28
Normal Defense
1 - 46% - 40% - 20:30
2 - 33% - 30% - 14:58
3 - 18% - 20% - 8:15
4 - 3% - 10% - 1:08
PP Forward
1 - 58% - 60% - 1:17
2 - 42% - 40% - 0:56
PP Defense
1 - 62% - 60% - 1:22
2 - 38% - 40% - 0:51
PK Forward
1 - 70% - 60% - 7:21
2 - 30% - 40% - 3:11
PK Defense
1 - 66% - 60% - 6:55
2 - 34% - 40% - 3:37
PK3 Forward
1 - 100% - 60% - 2:24
2 - 0% - 40% - 0:00
PK3 Defense
1 - 75% - 60% - 1:48
2 - 25% - 40% - 0:36
44 Forward
1 - 0% - 60%
2 - 0% - 40%
44 Defense
1 - 0% - 60%
2 - 0% - 40%
Last Minute Offensive - 0:00
Last Minute Defensive - 0:00
Total
Forward - 60:00
Defense - 60:00
|
% Time on Ice - Flames
Lines # - Real PCT - Wanted PCT - Time Play
Normal Forward
1 - 34% - 40% - 15:05
2 - 29% - 33% - 12:55
3 - 22% - 19% - 10:00
4 - 15% - 8% - 6:51
Normal Defense
1 - 42% - 38% - 18:44
2 - 29% - 29% - 13:02
3 - 25% - 23% - 11:21
4 - 4% - 10% - 1:44
PP Forward
1 - 62% - 60% - 8:01
2 - 38% - 40% - 4:55
PP Defense
1 - 63% - 60% - 8:05
2 - 38% - 40% - 4:51
PK Forward
1 - 66% - 50% - 1:28
2 - 34% - 50% - 0:45
PK Defense
1 - 61% - 58% - 1:21
2 - 39% - 42% - 0:52
PK3 Forward
1 - 0% - 50%
2 - 0% - 50%
PK3 Defense
1 - 0% - 58%
2 - 0% - 42%
44 Forward
1 - 0% - 60%
2 - 0% - 40%
44 Defense
1 - 0% - 60%
2 - 0% - 40%
Last Minute Offensive - 0:00
Last Minute Defensive - 0:00
Total
Forward - 60:00
Defense - 60:00
|
Play-by-Play
1st period
0:01 of 1st period - Jaden Schwartz wins face-off versus Eric Staal in neutral zone.
0:04 of 1st period - Snap shot by Cody Hodgson.
0:04 of 1st period - Stopped by Jonas Gustavsson without a rebound.
0:05 of 1st period - Eric Staal wins face-off versus Cody Hodgson in Flames zone.
0:14 of 1st period - Wrist shot by Eric Staal.
0:14 of 1st period - Stopped by John Gibson with a rebound.
0:16 of 1st period - Snap shot by Erik Johnson.
0:16 of 1st period - Stopped by John Gibson without a rebound.
0:17 of 1st period - Ryan Johansen wins face-off versus Patrik Berglund in Devils zone.
0:44 of 1st period - Steve Eminger is hit by Kellan Lain.
0:54 of 1st period - Wrist shot by Steve Regier.
0:54 of 1st period - Stopped by John Gibson with a rebound.
1:36 of 1st period - Icing by Rostislav Olesz.
1:37 of 1st period - Patrik Berglund wins face-off versus Tyler Bozak in Devils zone.
1:54 of 1st period - Wrist shot by Tyler Bozak.
1:54 of 1st period - Shot Blocked by Alexander Semin.
1:56 of 1st period - Slapshot by Brandon Burlon.
1:56 of 1st period - Stopped by Jonas Gustavsson with a rebound.
1:58 of 1st period - Wrist shot by Tyler Bozak.
1:58 of 1st period - Stopped by Jonas Gustavsson without a rebound.
1:59 of 1st period - Eric Staal wins face-off versus Ryan Johansen in Flames zone.
2:09 of 1st period - Off-side.
2:10 of 1st period - Eric Staal wins face-off versus Cody Hodgson in neutral zone.
2:17 of 1st period - Wrist shot by Eric Staal.
2:17 of 1st period - Stopped by John Gibson with a rebound.
2:19 of 1st period - Slapshot by Sami Vatanen.
2:19 of 1st period - Stopped by John Gibson with a rebound.
2:43 of 1st period - Icing by Nikita Kucherov.
2:44 of 1st period - Patrik Berglund wins face-off versus Ryan Johansen in Devils zone.
2:49 of 1st period - Wrist shot by Patrik Berglund.
2:49 of 1st period - Shot Misses the Net.
2:51 of 1st period - Minor Penalty to Johnny Gaudreau for Hooking.
2:52 of 1st period - Ryan Johansen wins face-off versus Eric Staal in Devils zone.
4:51 of 1st period - Penalty to Johnny Gaudreau is over, Johnny Gaudreau is back on ice.
4:57 of 1st period - Ryan Johansen is hit by Steve Regier and loses puck.
6:40 of 1st period - Jaden Schwartz is hit by Alexander Semin and loses puck.
6:45 of 1st period - Wrist shot by Alexander Semin.
6:45 of 1st period - Stopped by John Gibson without a rebound.
6:46 of 1st period - Ryan Johansen wins face-off versus Eric Staal in Devils zone.
7:02 of 1st period - Ryan Johansen is hit by Brad Marchand and loses puck.
7:13 of 1st period - Tim Ramholt is hit by Tobias Enstrom and loses puck.
7:25 of 1st period - Pernell Karl Subban is hit by Alexander Semin and loses puck.
7:36 of 1st period - Cody Hodgson is hit by Mikhail Grabovski and loses puck.
7:46 of 1st period - Minor Penalty to Jaden Schwartz for High sticking.
7:47 of 1st period - Eric Staal wins face-off versus Ryan Johansen in Devils zone.
7:47 of 1st period - Wrist shot by David Backes.
7:47 of 1st period - Stopped by John Gibson with a rebound.
7:49 of 1st period - Snap shot by Alexander Semin.
7:49 of 1st period - Stopped by John Gibson with a rebound.
7:51 of 1st period - Wrist shot by Erik Johnson.
7:51 of 1st period - Shot Blocked by Tobias Enstrom.
7:53 of 1st period - Slapshot by Erik Johnson.
7:53 of 1st period - Goal by Erik Johnson - Devils : 0 - Flames : 1.
7:54 of 1st period - Eric Staal wins face-off versus Ryan Johansen in neutral zone.
8:17 of 1st period - Minor Penalty to Brandon Burlon for Tripping.
8:18 of 1st period - Eric Staal wins face-off versus Ryan Johansen in Devils zone.
8:33 of 1st period - Slapshot by Erik Johnson.
8:33 of 1st period - Stopped by John Gibson without a rebound.
8:34 of 1st period - Eric Staal wins face-off versus Ryan Johansen in Devils zone.
8:47 of 1st period - Snap shot by Alexander Semin.
8:47 of 1st period - Shot Misses the Net.
8:57 of 1st period - Wrist shot by Jaden Schwartz.
8:57 of 1st period - Stopped by Jonas Gustavsson with a rebound.
8:59 of 1st period - Slapshot by Tobias Enstrom.
8:59 of 1st period - Stopped by Jonas Gustavsson without a rebound.
9:00 of 1st period - Brad Marchand wins face-off versus Tyler Bozak in Flames zone.
9:41 of 1st period - Pernell Karl Subban is hit by Alexander Semin.
9:51 of 1st period - Patrik Berglund is hit by Ryan Johansen and loses puck.
10:17 of 1st period - Penalty to Brandon Burlon is over, Brandon Burlon is back on ice.
10:44 of 1st period - Ladislav Smid is hit by Kyle Palmieri and loses puck.
11:35 of 1st period - Erik Johnson is hit by Cody Hodgson.
12:13 of 1st period - Snap shot by Alexander Semin.
12:13 of 1st period - Shot Blocked by Travis Hamonic.
13:02 of 1st period - Tim Ramholt is hit by Nikita Kucherov and loses puck.
13:27 of 1st period - Cody Hodgson is hit by Patrik Berglund and loses puck.
13:44 of 1st period - Snap shot by Peter Prucha.
13:44 of 1st period - Stopped by John Gibson with a rebound.
14:10 of 1st period - Slapshot by Tyler Seguin.
14:10 of 1st period - Deflect By Kellan Lain.
14:10 of 1st period - Stopped by Jonas Gustavsson with a rebound.
14:23 of 1st period - Minor Penalty to Nikita Kucherov for Hooking.
14:24 of 1st period - Eric Staal wins face-off versus Ryan Johansen in Devils zone.
14:34 of 1st period - Minor Penalty to Ryan Johansen for Elbowing.
14:35 of 1st period - Jaden Schwartz wins face-off versus Eric Staal in Devils zone.
14:43 of 1st period - Wrist shot by Jaden Schwartz.
14:43 of 1st period - Stopped by Jonas Gustavsson without a rebound.
14:44 of 1st period - Jaden Schwartz wins face-off versus Eric Staal in Flames zone.
15:11 of 1st period - Snap shot by Eric Staal.
15:11 of 1st period - Goal by Eric Staal - Devils : 0 - Flames : 2.
15:12 of 1st period - Eric Staal wins face-off versus Anthony Stewart in neutral zone.
15:39 of 1st period - Rostislav Olesz is hit by Patrik Berglund and loses puck.
16:34 of 1st period - Penalty to Ryan Johansen is over, Ryan Johansen is back on ice.
16:39 of 1st period - Tobias Enstrom is hit by Sami Vatanen and loses puck.
17:19 of 1st period - Steve Eminger is hit by Ladislav Smid and loses puck.
17:34 of 1st period - Snap shot by Cody Hodgson.
17:34 of 1st period - Stopped by Jonas Gustavsson with a rebound.
17:41 of 1st period - Icing by Erik Johnson.
17:42 of 1st period - Patrik Berglund wins face-off versus Ryan Johansen in Flames zone.
18:03 of 1st period - Minor Penalty to Jaden Schwartz for Tripping.
18:04 of 1st period - Eric Staal wins face-off versus Ryan Johansen in Devils zone.
18:15 of 1st period - Minor Penalty to Rostislav Olesz for Tripping.
18:16 of 1st period - Eric Staal wins face-off versus Anthony Stewart in Devils zone.
18:16 of 1st period - Snap shot by David Backes.
18:16 of 1st period - Stopped by John Gibson with a rebound.
18:18 of 1st period - Slapshot by David Backes.
18:18 of 1st period - Shot Blocked by Shea Weber.
18:42 of 1st period - Travis Hamonic is hit by Patrik Berglund and loses puck.
19:40 of 1st period - Patrik Berglund is hit by Shea Weber and loses puck.
Goals for this period are 0 for Devils vs 2 for Flames.
Shots for this period are 8 for Devils vs 13 for Flames.
2nd period
0:01 of 2nd period - Eric Staal wins face-off versus Anthony Stewart in neutral zone.
0:03 of 2nd period - Penalty to Jaden Schwartz is over, Jaden Schwartz is back on ice.
0:14 of 2nd period - Snap shot by Alexander Semin.
0:14 of 2nd period - Stopped by John Gibson without a rebound.
0:15 of 2nd period - Penalty to Rostislav Olesz is over, Rostislav Olesz is back on ice.
0:15 of 2nd period - Cody Hodgson wins face-off versus Eric Staal in Devils zone.
0:37 of 2nd period - Icing by Eric Staal.
0:38 of 2nd period - David Backes wins face-off versus Ryan Johansen in Flames zone.
0:45 of 2nd period - Snap shot by Alexander Semin.
0:45 of 2nd period - Stopped by John Gibson without a rebound.
0:46 of 2nd period - Cody Hodgson wins face-off versus Patrik Berglund in Devils zone.
1:31 of 2nd period - Minor Penalty to Nikita Kucherov for Slashing.
1:32 of 2nd period - Eric Staal wins face-off versus Ryan Johansen in Devils zone.
1:58 of 2nd period - Jaden Schwartz is hit by Derek Meech and loses puck.
2:03 of 2nd period - Snap shot by Brad Marchand.
2:03 of 2nd period - Goal by Brad Marchand - Devils : 0 - Flames : 3.
2:04 of 2nd period - David Backes wins face-off versus Cody Hodgson in neutral zone.
2:14 of 2nd period - Slapshot by Shea Weber.
2:14 of 2nd period - Shot Blocked by Sami Vatanen.
2:44 of 2nd period - Backhand shot by Johnny Gaudreau.
2:44 of 2nd period - Shot Misses the Net.
2:46 of 2nd period - Minor Penalty to Alexander Semin for Interference.
2:47 of 2nd period - Colin Wilson wins face-off versus Ryan Johansen in Flames zone.
2:47 of 2nd period - Colin Wilson is hit by Johnny Gaudreau.
3:13 of 2nd period - Jaden Schwartz is hit by Derek Meech and loses puck.
4:46 of 2nd period - Penalty to Alexander Semin is over, Alexander Semin is back on ice.
4:59 of 2nd period - Tim Ramholt is hit by Tobias Enstrom and loses puck.
5:19 of 2nd period - Icing by Sami Vatanen.
5:20 of 2nd period - Mikhail Grabovski wins face-off versus Tyler Bozak in Flames zone.
5:25 of 2nd period - Brandon Burlon is hit by Alexander Semin and loses puck.
5:42 of 2nd period - Eric Staal is hit by Cody Hodgson and loses puck.
7:28 of 2nd period - Snap shot by Viktor Arvidsson.
7:28 of 2nd period - Stopped by Jonas Gustavsson without a rebound.
7:29 of 2nd period - Eric Staal wins face-off versus Nikita Kucherov in Flames zone.
7:29 of 2nd period - Eric Staal is hit by Nikita Kucherov.
7:38 of 2nd period - Minor Penalty to Pernell Karl Subban for Hooking.
7:39 of 2nd period - Alexander Semin wins face-off versus Ryan Johansen in Devils zone.
8:55 of 2nd period - David Backes is hit by Travis Hamonic and loses puck.
9:38 of 2nd period - Penalty to Pernell Karl Subban is over, Pernell Karl Subban is back on ice.
9:48 of 2nd period - Kellan Lain is hit by Steve Eminger and loses puck.
10:01 of 2nd period - Icing by Steve Regier.
10:02 of 2nd period - Cody Hodgson wins face-off versus Colin Wilson in Flames zone.
10:29 of 2nd period - Snap shot by Alexander Semin.
10:29 of 2nd period - Stopped by John Gibson without a rebound.
10:30 of 2nd period - Patrik Berglund wins face-off versus Nikita Kucherov in Devils zone.
10:47 of 2nd period - Snap shot by Johnny Gaudreau.
10:47 of 2nd period - Stopped by Jonas Gustavsson without a rebound.
10:48 of 2nd period - Cody Hodgson wins face-off versus Eric Staal in Flames zone.
10:49 of 2nd period - Snap shot by Jaden Schwartz.
10:49 of 2nd period - Stopped by Jonas Gustavsson with a rebound.
10:51 of 2nd period - Snap shot by Viktor Arvidsson.
10:51 of 2nd period - Shot Misses the Net.
10:53 of 2nd period - Slapshot by Pernell Karl Subban.
10:53 of 2nd period - Deflect By Brad Marchand.
10:53 of 2nd period - Stopped by Jonas Gustavsson with a rebound.
10:57 of 2nd period - Snap shot by Viktor Arvidsson.
10:57 of 2nd period - Goal by Viktor Arvidsson - Devils : 1 - Flames : 3.
10:58 of 2nd period - Eric Staal wins face-off versus Cody Hodgson in neutral zone.
11:01 of 2nd period - Snap shot by Eric Staal.
11:01 of 2nd period - Stopped by John Gibson without a rebound.
11:02 of 2nd period - Eric Staal wins face-off versus Cody Hodgson in Devils zone.
11:55 of 2nd period - Erik Johnson is hit by Tyler Bozak and loses puck.
12:00 of 2nd period - Backhand shot by Rostislav Olesz.
12:00 of 2nd period - Deflect By Anthony Stewart.
12:00 of 2nd period - Stopped by Jonas Gustavsson without a rebound.
12:01 of 2nd period - Tyler Bozak wins face-off versus Eric Staal in Flames zone.
12:57 of 2nd period - Snap shot by Jordin Tootoo.
12:57 of 2nd period - Deflect By Anthony Stewart.
12:57 of 2nd period - Stopped by John Gibson with a rebound.
13:07 of 2nd period - Snap shot by Tyler Bozak.
13:07 of 2nd period - Stopped by Jonas Gustavsson with a rebound.
13:10 of 2nd period - Icing by Steve Eminger.
13:11 of 2nd period - Cody Hodgson wins face-off versus Patrik Berglund in Flames zone.
13:16 of 2nd period - Wrist shot by Cody Hodgson.
13:16 of 2nd period - Shot Misses the Net.
13:18 of 2nd period - Snap shot by Cody Hodgson.
13:18 of 2nd period - Shot Misses the Net.
14:43 of 2nd period - Ladislav Smid is hit by Brad Marchand and loses puck.
15:02 of 2nd period - Erik Johnson is hit by Viktor Arvidsson and loses puck.
15:20 of 2nd period - Slapshot by Brandon Burlon.
15:20 of 2nd period - Shot Blocked by Mikhail Grabovski.
15:22 of 2nd period - Slapshot by Brandon Burlon.
15:22 of 2nd period - Shot Misses the Net.
16:44 of 2nd period - Peter Prucha is hit by Shea Weber and loses puck.
18:02 of 2nd period - Slapshot by Tyler Seguin.
18:02 of 2nd period - Stopped by Jonas Gustavsson with a rebound.
18:46 of 2nd period - Erik Johnson is hit by Tobias Enstrom and loses puck.
18:59 of 2nd period - Derek Meech is hit by Nikita Kucherov and loses puck.
19:06 of 2nd period - Colby Robak is hit by Nikita Kucherov and loses puck.
19:21 of 2nd period - Cody Hodgson is hit by David Ullstrom and loses puck.
19:54 of 2nd period - Pernell Karl Subban is hit by Eric Staal and loses puck.
Goals for this period are 1 for Devils vs 1 for Flames.
Shots for this period are 8 for Devils vs 6 for Flames.
3rd period
0:01 of 3rd period - Eric Staal wins face-off versus Cody Hodgson in neutral zone.
0:04 of 3rd period - Slapshot by Erik Johnson.
0:04 of 3rd period - Shot Blocked by Travis Hamonic.
0:04 of 3rd period - Travis Hamonic from Devils is injured at 0:04 of 3rd period (Left Eye).
0:05 of 3rd period - Eric Staal wins face-off versus Cody Hodgson in Devils zone.
0:08 of 3rd period - Backhand shot by Eric Staal.
0:08 of 3rd period - Shot Blocked by Jaden Schwartz.
0:10 of 3rd period - Wrist shot by David Backes.
0:10 of 3rd period - Shot Misses the Net.
0:12 of 3rd period - Snap shot by Eric Staal.
0:12 of 3rd period - Stopped by John Gibson without a rebound.
0:13 of 3rd period - Cody Hodgson wins face-off versus Eric Staal in Devils zone.
0:15 of 3rd period - Minor Penalty to Viktor Arvidsson for Interference.
0:16 of 3rd period - Rostislav Olesz wins face-off versus Eric Staal in Devils zone.
0:24 of 3rd period - Slapshot by Erik Johnson.
0:24 of 3rd period - Deflect By David Backes.
0:24 of 3rd period - Shot Misses the Net.
0:24 of 3rd period - Puck is out of play.
0:25 of 3rd period - Eric Staal wins face-off versus Ryan Johansen in Devils zone.
0:34 of 3rd period - Snap shot by David Backes.
0:34 of 3rd period - Stopped by John Gibson without a rebound.
0:35 of 3rd period - Eric Staal wins face-off versus Ryan Johansen in Devils zone.
2:15 of 3rd period - Penalty to Viktor Arvidsson is over, Viktor Arvidsson is back on ice.
2:32 of 3rd period - Snap shot by Colin Wilson.
2:32 of 3rd period - Stopped by John Gibson without a rebound.
2:33 of 3rd period - Colin Wilson wins face-off versus Cody Hodgson in Devils zone.
2:46 of 3rd period - Snap shot by Viktor Arvidsson.
2:46 of 3rd period - Shot Misses the Net.
2:48 of 3rd period - Wrist shot by Jaden Schwartz.
2:48 of 3rd period - Shot Blocked by Tim Ramholt.
2:54 of 3rd period - Minor Penalty to Peter Prucha for Elbowing.
2:55 of 3rd period - Eric Staal wins face-off versus Ryan Johansen in Flames zone.
3:08 of 3rd period - Snap shot by Johnny Gaudreau.
3:08 of 3rd period - Goal by Johnny Gaudreau - Devils : 2 - Flames : 3.
3:09 of 3rd period - Eric Staal wins face-off versus Cody Hodgson in neutral zone.
4:06 of 3rd period - Wrist shot by Peter Prucha.
4:06 of 3rd period - Stopped by John Gibson without a rebound.
4:07 of 3rd period - Cody Hodgson wins face-off versus Eric Staal in Devils zone.
4:26 of 3rd period - Eric Staal is hit by Viktor Arvidsson and loses puck.
4:45 of 3rd period - Slapshot by Alexander Semin.
4:45 of 3rd period - Goal by Alexander Semin - Devils : 2 - Flames : 4.
4:46 of 3rd period - Cody Hodgson wins face-off versus Eric Staal in neutral zone.
5:29 of 3rd period - Snap shot by Brad Marchand.
5:29 of 3rd period - Shot Misses the Net.
5:31 of 3rd period - Slapshot by David Backes.
5:31 of 3rd period - Shot Misses the Net.
5:59 of 3rd period - Snap shot by Eric Staal.
5:59 of 3rd period - Deflect By Brad Marchand.
5:59 of 3rd period - Stopped by John Gibson without a rebound.
6:00 of 3rd period - Patrik Berglund wins face-off versus Cody Hodgson in Devils zone.
6:01 of 3rd period - Snap shot by Alexander Semin.
6:01 of 3rd period - Stopped by John Gibson without a rebound.
6:02 of 3rd period - Cody Hodgson wins face-off versus Patrik Berglund in Devils zone.
7:00 of 3rd period - Wrist shot by Rostislav Olesz.
7:00 of 3rd period - Stopped by Jonas Gustavsson without a rebound.
7:01 of 3rd period - Cody Hodgson wins face-off versus Patrik Berglund in Flames zone.
7:10 of 3rd period - Wrist shot by Jaden Schwartz.
7:10 of 3rd period - Stopped by Jonas Gustavsson without a rebound.
7:11 of 3rd period - Alexander Semin wins face-off versus Cody Hodgson in Flames zone.
7:13 of 3rd period - Icing by Erik Johnson.
7:14 of 3rd period - Cody Hodgson wins face-off versus Patrik Berglund in Flames zone.
8:02 of 3rd period - Slapshot by Anthony Stewart.
8:02 of 3rd period - Shot Misses the Net.
8:13 of 3rd period - Snap shot by Patrik Berglund.
8:13 of 3rd period - Shot Misses the Net.
8:49 of 3rd period - Wrist shot by Peter Prucha.
8:49 of 3rd period - Deflect By Colin Wilson.
8:49 of 3rd period - Stopped by John Gibson without a rebound.
8:50 of 3rd period - Colin Wilson wins face-off versus Cody Hodgson in Devils zone.
9:15 of 3rd period - Snap shot by David Backes.
9:15 of 3rd period - Stopped by John Gibson with a rebound.
9:41 of 3rd period - Snap shot by Marian Hossa.
9:41 of 3rd period - Stopped by Jonas Gustavsson with a rebound.
9:43 of 3rd period - Slapshot by Kellan Lain.
9:43 of 3rd period - Stopped by Jonas Gustavsson with a rebound.
9:45 of 3rd period - Snap shot by Marian Hossa.
9:45 of 3rd period - Stopped by Jonas Gustavsson without a rebound.
9:46 of 3rd period - Cody Hodgson wins face-off versus Eric Staal in Flames zone.
9:53 of 3rd period - Shea Weber is hit by David Backes.
10:13 of 3rd period - Steve Eminger is hit by Ryan Johansen and loses puck.
10:44 of 3rd period - Wrist shot by Kellan Lain.
10:44 of 3rd period - Shot Misses the Net.
10:46 of 3rd period - Snap shot by Shea Weber.
10:46 of 3rd period - Shot Blocked by Erik Johnson.
11:04 of 3rd period - Slapshot by Eric Staal.
11:04 of 3rd period - Deflect By David Backes.
11:04 of 3rd period - Shot Misses the Net.
11:04 of 3rd period - Puck is out of play.
11:05 of 3rd period - Cody Hodgson wins face-off versus Patrik Berglund in Devils zone.
11:05 of 3rd period - Cody Hodgson is hit by Jordin Tootoo.
11:11 of 3rd period - Slapshot by Alexander Semin.
11:11 of 3rd period - Stopped by John Gibson with a rebound.
11:17 of 3rd period - Slapshot by Pernell Karl Subban.
11:17 of 3rd period - Stopped by Jonas Gustavsson without a rebound.
11:18 of 3rd period - Eric Staal wins face-off versus Cody Hodgson in Flames zone.
11:23 of 3rd period - Slapshot by Derek Meech.
11:23 of 3rd period - Shot Blocked by Cody Hodgson.
11:25 of 3rd period - Snap shot by Brad Marchand.
11:25 of 3rd period - Stopped by John Gibson with a rebound.
11:27 of 3rd period - Slapshot by Steve Eminger.
11:27 of 3rd period - Shot Blocked by Ladislav Smid.
11:29 of 3rd period - Snap shot by David Backes.
11:29 of 3rd period - Stopped by John Gibson without a rebound.
11:30 of 3rd period - Cody Hodgson wins face-off versus Eric Staal in Devils zone.
11:35 of 3rd period - Snap shot by Viktor Arvidsson.
11:35 of 3rd period - Stopped by Jonas Gustavsson with a rebound.
11:57 of 3rd period - Derek Meech is hit by Marian Hossa.
12:07 of 3rd period - Slapshot by Tobias Enstrom.
12:07 of 3rd period - Shot Blocked by Eric Staal.
12:09 of 3rd period - Snap shot by Marian Hossa.
12:09 of 3rd period - Stopped by Jonas Gustavsson without a rebound.
12:10 of 3rd period - Cody Hodgson wins face-off versus Patrik Berglund in Flames zone.
13:23 of 3rd period - Snap shot by Alexander Semin.
13:23 of 3rd period - Shot Misses the Net.
13:25 of 3rd period - Snap shot by Patrik Berglund.
13:25 of 3rd period - Shot Misses the Net.
13:27 of 3rd period - Snap shot by Jordin Tootoo.
13:27 of 3rd period - Shot Misses the Net.
13:29 of 3rd period - Slapshot by Derek Meech.
13:29 of 3rd period - Stopped by John Gibson with a rebound.
13:31 of 3rd period - Wrist shot by Alexander Semin.
13:31 of 3rd period - Shot Blocked by Tobias Enstrom.
14:28 of 3rd period - Snap shot by Kyle Palmieri.
14:28 of 3rd period - Stopped by John Gibson with a rebound.
14:30 of 3rd period - Slapshot by Colby Robak.
14:30 of 3rd period - Stopped by John Gibson without a rebound.
14:31 of 3rd period - Eric Staal wins face-off versus Jaden Schwartz in Devils zone.
14:34 of 3rd period - Wrist shot by Eric Staal.
14:34 of 3rd period - Stopped by John Gibson without a rebound.
14:35 of 3rd period - Cody Hodgson wins face-off versus David Backes in Devils zone.
14:42 of 3rd period - Snap shot by Jaden Schwartz.
14:42 of 3rd period - Shot Blocked by Eric Staal.
14:44 of 3rd period - Snap shot by Cody Hodgson.
14:44 of 3rd period - Stopped by Jonas Gustavsson without a rebound.
14:45 of 3rd period - Eric Staal wins face-off versus Cody Hodgson in Flames zone.
14:50 of 3rd period - Jaden Schwartz is hit by Steve Eminger and loses puck.
15:21 of 3rd period - Wrist shot by Viktor Arvidsson.
15:21 of 3rd period - Stopped by Jonas Gustavsson with a rebound.
15:23 of 3rd period - Slapshot by Ladislav Smid.
15:23 of 3rd period - Deflect By Jaden Schwartz.
15:23 of 3rd period - Stopped by Jonas Gustavsson with a rebound.
15:41 of 3rd period - Snap shot by Tyler Seguin.
15:41 of 3rd period - Stopped by Jonas Gustavsson with a rebound.
15:43 of 3rd period - Wrist shot by Tyler Seguin.
15:43 of 3rd period - Shot Hit the Post.
16:53 of 3rd period - Slapshot by Alexander Semin.
16:53 of 3rd period - Stopped by John Gibson with a rebound.
17:00 of 3rd period - Icing by Pernell Karl Subban.
17:01 of 3rd period - Mikhail Grabovski wins face-off versus Tyler Seguin in Devils zone.
17:02 of 3rd period - Snap shot by Kyle Palmieri.
17:02 of 3rd period - Shot Misses the Net.
17:10 of 3rd period - Snap shot by Tyler Seguin.
17:10 of 3rd period - Shot Hit the Post.
17:12 of 3rd period - Slapshot by Brandon Burlon.
17:12 of 3rd period - Shot Misses the Net.
17:14 of 3rd period - Wrist shot by Kellan Lain.
17:14 of 3rd period - Stopped by Jonas Gustavsson with a rebound.
17:16 of 3rd period - Snap shot by Marian Hossa.
17:16 of 3rd period - Deflect By Eric Staal.
17:16 of 3rd period - Shot Blocked by Colby Robak.
17:16 of 3rd period - Puck is out of play.
17:17 of 3rd period - Cody Hodgson wins face-off versus Colin Wilson in Flames zone.
17:53 of 3rd period - Slapshot by Brad Marchand.
17:53 of 3rd period - Shot Blocked by Ladislav Smid.
18:45 of 3rd period - Icing by Colby Robak.
18:46 of 3rd period - Ryan Johansen wins face-off versus Mikhail Grabovski in Flames zone.
18:49 of 3rd period - Snap shot by Marian Hossa.
18:49 of 3rd period - Shot Misses the Net.
19:01 of 3rd period - Pernell Karl Subban is hit by Colby Robak and loses puck.
19:20 of 3rd period - Tim Ramholt is hit by Marian Hossa and loses puck.
19:27 of 3rd period - Slapshot by Colby Robak.
19:27 of 3rd period - Shot Misses the Net.
19:29 of 3rd period - Snap shot by Kyle Palmieri.
19:29 of 3rd period - Deflect By Mikhail Grabovski.
19:29 of 3rd period - Goal by Mikhail Grabovski - Devils : 2 - Flames : 5.
19:30 of 3rd period - Cody Hodgson wins face-off versus Eric Staal in neutral zone.
19:57 of 3rd period - Alexander Semin is hit by Nikita Kucherov.
Goals for this period are 1 for Devils vs 2 for Flames.
Shots for this period are 14 for Devils vs 18 for Flames.
Back to the Top